 Dungeon Crawl Stone Soup version 0.25-a0-663-gace7076f2c (webtiles) character file.

Game seed: 12247621501883629525, levelgen mode: deterministic

100 KiliKikkendorf the Chopper (level 4, -1/41 HPs)
             Began as a Hill Orc Fighter on Mar 24, 2020.
             Slain by an adder (3 damage)
             ... on level 2 of the Dungeon.
             The game lasted 00:08:11 (1039 turns).

KiliKikkendorf the Chopper (Hill Orc Fighter)       Turns: 1039, Time: 00:08:13

Health: -1/41      AC: 11    Str: 18    XL:     4   Next: 74%
Magic:  4/4        EV:  3    Int:  9    God:
Gold:   34         SH:  9    Dex: 10    Spells: 3/3 levels left

rFire    + . .     SeeInvis .   a - +0 war axe
rCold    + . .     Gourm    .   c - +0 kite shield
rNeg     + . .     Faith    .   e - +0 plate armour (curse)
rPois    +         Spirit   .   (no helmet)
rElec    +         Reflect  .   (no cloak)
rCorr    +         Harm     .   (no gloves)
MR       .....                  (no boots)
Stlth    ..........             (no amulet)
HPRegen  0.13/turn              g - ring of resist corrosion
MPRegen  0.09/turn              i - ring of positive energy

@: lethally poisoned (-1 -> -4), resistant
A: no striking features
a: no special abilities


You were on level 2 of the Dungeon.
You were not hungry.

You visited 1 branch of the dungeon, and saw 2 of its levels.

You collected 34 gold pieces.

Inventory:

Hand Weapons
 a - a +0 war axe (weapon)
Armour
 b - a +0 scale mail
 c - a +0 kite shield (worn)
 e - a cursed +0 plate armour (worn)
Jewellery
 g - a ring of resist corrosion (left hand)
 i - a ring of positive energy (right hand)
Potions
 d - a potion of might
Comestibles
 f - a ration


   Skills:
 + Level 4.4 Fighting
 * Level 4.5 Axes
 + Level 3.8 Armour
 + Level 3.8 Shields


You had 3 spell levels left.
You didn't know any spells.
Your spell library was empty.

Dungeon Overview and Level Annotations

Branches:
Dungeon (2/15)

Altars:


Message History

You are more poisoned.
The adder poisons you!
You see here a fuming yellow potion.
h - a fuming yellow potion The adder barely misses you.
It was a potion of resistance.
You feel protected.
You feel sick. The adder barely misses you.
You closely miss the adder.
The adder is moderately wounded.
The adder bites you.
* * * LOW HITPOINT WARNING * * *
The adder bites you but does no damage.
You miss the adder.
The adder is moderately wounded.
* * * LOW HITPOINT WARNING * * *
You feel sick. The adder bites you.
* * * LOW HITPOINT WARNING * * *
The adder bites you.
You die...

###.##.........####.##
#.. ##...#...$.###..#
.. #.
#..............###... #
#....................
....##......รท.........
.#... #................
... #................
.. ..#....S...........
.....(.@...........
###########........
#........ #?.......
.######


You could see an adder.

Vanquished Creatures
  A hound (D:2)
  3 adders (D:2)
  An ooze (D:1)
  A dart slug (D:1)
  2 leopard geckos (D:1)
  2 giant cockroaches
  4 goblins
  8 hobgoblins
  2 bats (D:1)
  4 kobolds
  6 rats (D:1)
34 creatures vanquished.

Notes
Turn   | Place    | Note
-------+----------+-------------------------------------------
     0 | D:1      | KiliKikkendorf the Hill Orc Fighter began the quest for the
                  | Orb.
     0 | D:1      | Reached XP level 1. HP: 19/19 MP: 1/1
    95 | D:1      | Reached XP level 2. HP: 7/27 MP: 2/2
   395 | D:1      | Reached XP level 3. HP: 33/33 MP: 3/3
   959 | D:2      | Reached XP level 4. HP: 29/40 MP: 4/4
  1039 | D:2      | HP: 2/41 [adder (2)]
  1039 | D:2      | Slain by an adder

Levels and vault maps discovered:
D:1:      erik_arrival_cave_to_civilisation [erik_arrival_cave_to_temple],
          layout_basic, hangedman_decor_push
D:2:      layout_rooms, nicolae_overflow_hidden_temple

Skill      XL: |  1  2  3 |
---------------+----------+-----
Axes           | 3 4 |  4.5
Fighting       | 4 |  4.4
Armour         | |  3.8
Shields        | |  3.8

Action                   |  1- 3 |  4- 6 || total
-------------------------+-------+-------++-------
Melee: War axe           |    74 |    36 ||   110
  Use: Potion            |     2 |     1 ||     3
       Scroll            |     1 |     1 ||     2
  Eat: Chunk             |       |     1 ||     1
Armor: Plate armour      |    60 |    22 ||    82
       Scale mail        |     4 |       ||     4
Dodge: Dodged            |    17 |     7 ||    24
Block: Kite shield       |    58 |    24 ||    82

Table legend:
 A = Non-vault XP
 B = Vault XP
 C = Vault XP percentage of total XP
 D = Non-vault monster count
 E = Vault monster count
 F = Vault count percentage of total count
                 A         B        C        D         E       F
            +---------+---------+-------+---------+---------+-------
      Total |     134 |      10 |   6.9 |      32 |       2 |   5.9
            +---------+---------+-------+---------+---------+-------
        D:1 |      39 |      10 |  20.4 |      23 |       2 |   8.0
        D:2 |      95 |       0 |   0.0 |       9 |       0 |   0.0
            +---------+---------+-------+---------+---------+-------
